 Dungeon Crawl Stone Soup version 0.20.1-1-g8b1a95d (webtiles) character file.

340 Gremour the Slasher (level 6, -10/70 HPs)
             Began as a Demonspawn Fighter on Dec 2, 2017.
             Mangled by an ogre
             ... wielding a +0 giant club
              (21 damage)
             ... on level 4 of the Dungeon.
             The game lasted 00:11:24 (2729 turns).

Gremour the Slasher (Demonspawn Fighter)            Turns: 2729, Time: 00:11:24

Health: -10/70     AC:  9    Str: 21    XL:     6   Next: 30%
Magic:  6/6        EV:  7    Int: 14    God:
Gold:   86         SH:  9    Dex: 15    Spells: 5/5 levels left

rFire    + + .     SeeInvis .   a - +0 long sword
rCold    + + .     Gourm    .   c - +0 shield
rNeg     . . .     Faith    .   b - +0 scale mail
rPois    .         Spirit   .   o - +2 helmet
rElec    .         Reflect  .   r - scarf {rC+ rF+}
rCorr    .         Harm     .   (no gloves)
MR       .....                  (no boots)
Stlth    ..........             e - amulet of rage
Regen    0.3/turn               m - ring of protection from fire
MPRegen  0.1/turn               (no ring)

@: brilliant, berserking (expiring), very quick
A: claws 2, cold resistance 1, demonic guardian 1, freezing cloud immunity
a: Evoke Berserk Rage


You were on level 4 of the Dungeon.
You were not hungry.

You visited 1 branch of the dungeon, and saw 4 of its levels.

You collected 86 gold pieces.

Inventory:

Hand Weapons
 a - a +0 long sword (weapon)
Missiles
 k - 3 javelins of returning (quivered)
Armour
 b - a +0 scale mail (worn)
 c - a +0 shield (worn)
 o - a +2 helmet (worn)
 r - a scarf of resistance (worn)
Jewellery
 e - an amulet of rage (around neck)
 m - a ring of protection from fire (left claw)
Scrolls
 h - 3 scrolls of remove curse {unknown}
 l - a scroll of teleportation {unknown}
 n - 3 scrolls of identify {unknown}
 q - a scroll of fear {unknown}
 s - 2 scrolls of fog {unknown}
 t - a scroll of enchant weapon {unknown}
 u - a scroll of enchant armour {unknown}
 w - a scroll of immolation {unknown}
Potions
 d - a potion of might
 g - a potion of brilliance
 p - a potion of lignification {unknown}
Comestibles
 f - 3 bread rations
 i - a royal jelly
 v - 2 chunks of flesh


   Skills:
 - Level 3.0 Fighting
 * Level 6.1 Long Blades
 - Level 2.6 Armour
 - Level 2.6 Shields


You had 5 spell levels left.
You didn't know any spells.

Dungeon Overview and Level Annotations

Branches:
Dungeon (4/15)
 Temple: D:4-7

Altars:
Nemelex Xobeh


Innate Abilities, Weirdness & Mutations

You have very sharp fingernails.
Your flesh is cold resistant. (rC+)
A weak demonic guardian rushes to your aid.
You are immune to freezing clouds.


Message History

Pain shoots through your body!
* * * LOW HITPOINT WARNING * * *
You closely miss Grinder.
Grinder is almost dead.
You slice Grinder!!
You kill Grinder!
Your Long Blades skill increases to level 6!
You have reached level 6!
Your experience leads to an increase in your attributes!
Your base attributes are Str 16, Int 9, Dex 14.
Increase (S)trength, (I)ntelligence, or (D)exterity?
You feel agile.
Your demonic ancestry asserts itself...
You feel less concerned about cold.
You barely miss something. The orc barely misses you.
You riposte.
You closely miss the orc. You slash the orc!
You kill the orc!
Something hits you but does no damage.
You miss something. The ogre hits you with a giant club!!
You die...

##.### ..... #.#o#
#.#.# #...# #..#
####..# #{@O..#
#########.###........
#.......#.# ##.#+####
#.#####.#.# .#
#.#...#.#.# .#
#.##...<#.# ..
#.#######.# #+
#.........#
###########


You could see an ogre.

Vanquished Creatures
  Grinder (D:4)
  An ice beast (D:3)
  2 adders
  An ooze (D:2)
  2 dart slugs (D:1)
  A worm (D:2)
  2 leopard geckos
  An orc (D:4)
  4 giant cockroaches
  4 goblins
  11 hobgoblins
  7 jackals (D:1)
  3 kobolds
  8 bats
  6 frilled lizards
  10 rats
64 creatures vanquished.

Notes
Turn   | Place    | Note
-------+----------+-------------------------------------------
     0 | D:1      | Gremour the Demonspawn Fighter began the quest for the Orb.
     0 | D:1      | Reached XP level 1. HP: 18/18 MP: 1/1
    46 | D:1      | Reached skill level 2 in Long Blades
   139 | D:1      | Gained mutation: You have sharp fingernails. [demonic ancestry]
   139 | D:1      | Reached XP level 2. HP: 24/24 MP: 2/2
   288 | D:1      | Reached skill level 3 in Long Blades
   521 | D:1      | Gained mutation: A weak demonic guardian rushes to your aid. [demonic ancestry]
   521 | D:1      | Reached XP level 3. HP: 13/29 MP: 3/3
  1473 | D:2      | Found a sparkling altar of Nemelex Xobeh.
  1627 | D:2      | Gained mutation: You have very sharp fingernails. [demonic ancestry]
  1627 | D:2      | Reached XP level 4. HP: 35/35 MP: 4/4
  1648 | D:2      | Reached skill level 4 in Long Blades
  2108 | D:3      | Noticed an ice beast
  2117 | D:3      | Killed an ice beast
  2117 | D:3      | Gained mutation: Your flesh is cold resistant. (rC+) [demonic ancestry]
  2117 | D:3      | Reached XP level 5. HP: 34/41 MP: 5/5
  2649 | D:3      | Reached skill level 5 in Long Blades
  2700 | D:4      | Noticed Grinder
  2703 | D:4      | Noticed an ogre
  2725 | D:4      | Killed Grinder
  2725 | D:4      | Reached skill level 6 in Long Blades
  2725 | D:4      | Gained mutation: You are immune to freezing clouds. [demonic ancestry]
  2725 | D:4      | Reached XP level 6. HP: 10/47 MP: 6/6
  2729 | D:4      | Mangled by an ogre

Skill      XL: |  1  2  3  4  5 |
---------------+----------------+-----
Long Blades    | 2 3 4 6 |  6.1
Fighting       | |  3.0
Armour         | |  2.6
Shields        | |  2.6

Action                   |  1- 3 |  4- 6 || total
-------------------------+-------+-------++-------
Melee: Long sword        |   194 |    56 ||   250
  Use: Potion            |       |     2 ||     2
  Eat: Chunk             |     2 |     4 ||     6
Armor: Scale mail        |   154 |    22 ||   176
Dodge: Dodged            |    76 |     7 ||    83
Block: Shield            |   129 |    17 ||   146
       Rpst.: Long sword |    27 |     4 ||    31
